 Dungeon Crawl Stone Soup version 0.19-a0-1007-g133f65f (webtiles) character file.

16 mistymad the Skirmisher (level 2, -2/24 HPs)
             Began as a Formicid Abyssal Knight on July 19, 2016.
             Was a Follower of Lugonu.
             Slain by a gnoll (5 damage)
             ... on level 1 of the Dungeon.
             The game lasted 00:00:55 (505 turns).

mistymad the Skirmisher (Formicid Abyssal Knight)    Turns: 505, Time: 00:00:55

Health: -2/24      AC:  6    Str: 16    XL:     2   Next: 70%
Magic:  3/3        EV:  9    Int: 16    God:    Lugonu [*.....]
Gold:   25         SH:  0    Dex: 10    Spells: 0 memorised, 1 level left

rFire  . . .     SeeInvis +     a - +1 hand axe
rCold  . . .     Gourm    .     g - +0 scale mail
rNeg   . . .     Faith    .     (no shield)
rPois  .         Spirit   .     (helmet unavailable)
rElec  .         Dismiss  .     (no cloak)
rCorr  .         Reflect  .     (no gloves)
SustAt .         Harm     .     (no boots)
MR     .....                    (no amulet)
Stlth  ..........               (no ring)
                                (no ring)

@: brilliant, not resistant to hostile enchantments, extremely unstealthy
A: permanent stasis, dig shafts and tunnels, four strong arms, antennae 3
a: Dig, Shaft Self, Depart the Abyss, Renounce Religion


You were on level 1 of the Dungeon.
You worshipped Lugonu.
Lugonu was aware of your devotion.
You were not hungry.

You visited 1 branch of the dungeon, and saw 1 of its levels.
You visited the Abyss 1 time.

You collected 25 gold pieces.

Inventory:

Hand Weapons
 a - a +1 hand axe (weapon)
Armour
 g - a +0 scale mail (worn)
Scrolls
 d - a scroll of teleportation {unknown}
 h - a scroll of remove curse {unknown}
Comestibles
 b - a chunk of flesh
 c - a bread ration
 f - a beef jerky


   Skills:
 + Level 3.6 Fighting
 + Level 2.6 Axes
 + Level 2.3 Armour
 - Level 0.8 Dodging
 - Level 2.1 Invocations


You had one spell level left.
You didn't know any spells.

Dungeon Overview and Level Annotations

Branches:
Dungeon (1/15)

Altars:


Innate Abilities, Weirdness & Mutations

You are under a permanent stasis effect.
You can dig through walls and to a lower floor.
Your four strong arms can wield two-handed weapons with a shield.
You have a pair of large antennae on your head. (SInv)


Message History

You are too injured to fight recklessly!
You are too injured to fight recklessly!
You are too injured to fight recklessly!
You are too injured to fight recklessly!
You are too injured to fight recklessly!
You are too injured to fight recklessly!
You are too injured to fight recklessly!
You are too injured to fight recklessly!
You are too injured to fight recklessly!
You are too injured to fight recklessly!
You are too injured to fight recklessly!
Unknown command.
It was a potion of brilliance.
You feel clever all of a sudden. The gnoll hits you but does no damage.
Unknown command.
You hit the gnoll but do no damage.
The gnoll is severely wounded.
The gnoll hits you.
You die...

#.......K. ######## #.......#
#......# #...$)†# ##
##.####.########.. #.#######...
....#.........(##.##.........#
##....#.######.##.........###
#.####.# #.###K####...# #.####.#
#..#g## #...# #......# #.#@##
#...# ###############.## #...#
#.......##.....)# #...#
#.......##.####.#######...######.
#.......#....##..................
#..........#....(.........>......
#.......##.#.....(...............
#.......##.#.##.##.####.#.####.#
#.......##......##.##...#...#


You could see a gnoll and a kobold.

Vanquished Creatures
  2 giant geckos (D:1)
  3 bats (D:1)
  2 goblins (D:1)
  A hobgoblin (D:1)
  2 kobolds (D:1)
  2 rats (D:1)
12 creatures vanquished.

Notes
Turn   | Place    | Note
-------+----------+-------------------------------------------
     0 | Abyss:1  | mistymad the Formicid Abyssal Knight began the quest for the Orb.
     0 | Abyss:1  | Reached XP level 1. HP: 18/18 MP: 2/2
   112 | Abyss:1  | Found a corrupted altar of Lugonu.
   124 | Abyss:1  | Noticed an orange demon
   124 | D:1      | Escaped the Abyss
   148 | D:1      | Reached * piety under Lugonu
   262 | D:1      | Reached XP level 2. HP: 20/24 MP: 3/3
   505 | D:1      | Slain by a gnoll

Vault maps used:
D:1:      dpeg_arrival_shrine
Abyss:1:  abyss_exit_lava

Action                   || total
-------------------------++-------
Melee: Hand axe          ||    52
Invok: Depart the Abyss  ||     1
 Abil: Dig               ||     1
  Use: Potion            ||     1
Armor: Leather armour    ||     4
       Scale mail        ||    26
Dodge: Dodged            ||    51
